 Dungeon Crawl Stone Soup version 0.22-a0-265-g0d8bc90 (webtiles) character file.

662 Amnesiac the Digger (level 7, -21/46 HPs)
             Began as a Formicid Earth Elementalist on Mar 6, 2018.
             Was a Follower of Dithmenos.
             Killed by Lee's Rapid Deconstruction
             ... invoked by Amnesiac's ghost
              (24 damage)
             ... on level 5 of the Dungeon.
             The game lasted 00:11:48 (3258 turns).

Amnesiac the Digger (Formicid Earth Elementalist)   Turns: 3258, Time: 00:11:48

Health: -21/46     AC:  3    Str: 13    XL:     7   Next: 87%
Magic:  5/13       EV:  6    Int: 16    God:    Dithmenos [*.....]
Gold:   159        SH:  0    Dex: 11    Spells: 0/14 levels left

rFire    . . .     SeeInvis +   b - +0 dagger
rCold    . . .     Gourm    .   (no shield)
rNeg     . . .     Faith    .   c - +1 robe
rPois    .         Spirit   .   (helmet unavailable)
rElec    .         Reflect  .   (no cloak)
rCorr    .         Harm     .   (no gloves)
MR       .....                  (no boots)
Stlth    +++.......             (no amulet)
HPRegen  0.15/turn              (no ring)
MPRegen  0.13/turn              (no ring)

@: petrifying, flying, wreathed by umbra, very slow
A: permanent stasis, dig shafts and tunnels, four strong arms, antennae 3
a: Dig, Shaft Self, Renounce Religion


You were on level 5 of the Dungeon.
You worshipped Dithmenos.
Dithmenos was aware of your devotion.
You were hungry.

You visited 1 branch of the dungeon, and saw 8 of its levels.
You also visited: Ossuary.

You collected 159 gold pieces.

Inventory:

Hand Weapons
 b - a +0 dagger (weapon)
 f - a +0 hunting sling
Missiles
 h - 11 poisoned needles
 r - a throwing net (quivered)
 t - 3 stones
Armour
 c - a +1 robe (worn)
Wands
 a - a wand of iceblast (10)
 o - a wand of scattershot (3)
Scrolls
 j - 3 scrolls of noise {!r, unknown}
 l - 3 scrolls of identify {!r}
 m - 2 scrolls of remove curse {!r}
 s - a scroll of brand weapon {!r, unknown}
 w - a scroll of enchant armour {!r}
 x - a scroll of immolation {!r, unknown}
Potions
 e - a potion of might {!q, unknown}
 g - a potion of resistance {!q, unknown}
 k - a potion of mutation {!q, unknown}
 n - 3 potions of heal wounds {!q, unknown}
 p - 2 potions of lignification {!q}
 q - a potion of curing {!q}
 u - 3 potions of degeneration {!q, unknown}
Comestibles
 d - 4 rations


   Skills:
 * Level 2.3 Short Blades
 - Level 1.7 Dodging
 - Level 5.0 Stealth
 + Level 4.4 Spellcasting
 - Level 1.1 Transmutations
 * Level 7.5 Earth Magic


You couldn't memorise any spells.
You knew the following spells:

 Your Spells              Type           Power        Failure   Level  Hunger
a - Sandblast             Erth           ####..       1%          1    None
b - Passwall              Tmut/Erth      ###.......   4%          2    ##.....
c - Sticks to Snakes      Tmut           #.......     16%         2    ##.....
d - Lee's Rapid Deconstr  Erth           ####......   21%         5    ######.
e - Petrify               Tmut/Erth      ###.....     26%         4    ####...


Dungeon Overview and Level Annotations

Branches:
Dungeon (9/15)             Temple (0/1) D:5
   Lair: D:8-11         Orc: D:9-12

Altars:
Ashenzari
Dithmenos

Annotations:
D:4 Grinder
D:5 Amnesiac's ghost, novice FoEE
D:7 Joseph


Innate Abilities, Weirdness & Mutations

You cannot be hasted, slowed, berserked, paralysed or teleported.
You can dig through walls and to a lower floor.
Your four strong arms can wield two-handed weapons with a shield.
You have a pair of large antennae on your head. (SInv)


Message History

Confirm with . or Enter, or press ? or * to list all spells.
You can't see any susceptible monsters within range! (Use Z to cast anyway.)
Casting: Sandblast (safe; 1% risk of failure)
Confirm with . or Enter, or press ? or * to list all spells.
You can't see any susceptible monsters within range! (Use Z to cast anyway.)
Casting: Sandblast (safe; 1% risk of failure)
Confirm with . or Enter, or press ? or * to list all spells.
You can't see any susceptible monsters within range! (Use Z to cast anyway.)
d - 3 rations (gained 1)
l - 2 scrolls of identify {!r} (gained 1) HP restored.
Found a ring mail.
l - 3 scrolls of identify {!r} (gained 1)
d - 4 rations (gained 1) Magic restored.
Amnesiac's ghost (novice Formicid Earth Elementalist) comes into view.
It is wielding a weapon of speed.
Casting: Sandblast (safe; 1% risk of failure)
Confirm with . or Enter, or press ? or * to list all spells.
You don't know that spell.
Casting: Sandblast (safe; 1% risk of failure)
Confirm with . or Enter, or press ? or * to list all spells.
Aiming: Lee's Rapid Deconstruction (quite dangerous; 21% risk of failure)
Press: ? - help, Dir - move target cursor
Okay, then.
Press: ? - help, v - describe, . - travel, g - get item
Here: Amnesiac's ghost, wielding a weapon of speed (hasn't noticed you)
A ration.
The floor.
Casting: Lee's Rapid Deconstruction (quite dangerous; 21% risk of failure)
Confirm with . or Enter, or press ? or * to list all spells.
Aiming: Lee's Rapid Deconstruction (quite dangerous; 21% risk of failure)
Press: ? - help, Dir - move target cursor The wall shatters!
The blast of rock fragments hits Amnesiac's ghost.
Amnesiac's ghost is lightly damaged.
Amnesiac's ghost turns its malevolent gaze towards you.
You hear an angry hiss.
Casting: Lee's Rapid Deconstruction (quite dangerous; 21% risk of failure)
Confirm with . or Enter, or press ? or * to list all spells.
Aiming: Lee's Rapid Deconstruction (quite dangerous; 21% risk of failure)
Press: ? - help, Dir - move target cursor The wall shatters!
The blast of rock fragments hits Amnesiac's ghost.
Amnesiac's ghost is moderately damaged.
You are feeling hungry.
A frilled lizard comes into view.
Amnesiac's ghost points at you and mumbles some strange words.
The wall shatters!
The blast of rock fragments hits you!
Ouch! That really hurt!
* * * LOW HITPOINT WARNING * * *
Amnesiac's ghost casts a spell past you.
The wall shatters!
The blast of rock fragments hits you!
* * * LOW HITPOINT WARNING * * *
Really quaff
i - a potion of flight {!q}?
You feel very buoyant.
You fly up into the air.
Found a quarterstaff.
Amnesiac's ghost gestures at you while chanting.
You are slowing down.
Unknown command.
Amnesiac's ghost points at you and mumbles some strange words.
You shatter!
Ouch! That really hurt!
You die...

#........######...#..#####
##..####....####.##..#
##.####..#..##.## ..#
.#....##W...####..#
#.#.................
#.#......≈≈≈≈≈......#
##.#....≈≈≈≈≈≈≈≈≈....#
#.....≈≈≈≈≈≈≈≈≈≈≈≈≈..
#####..#.≈≈≈≈≈≈.@.≈≈≈≈≈≈.
.........≈≈≈≈≈≈.>.≈≈≈≈≈≈.
.........≈≈≈≈≈≈...≈≈≈≈≈≈.
#####.#..≈≈≈≈≈≈≈.≈≈≈≈≈≈≈ #
#.#...≈≈≈≈≈≈.≈≈≈≈≈≈. #
#.##....≈≈≈≈.≈≈≈≈..) #
#.##......≈≈.≈≈..... #
#.##.........[......
#####.....#####.


You could see Amnesiac's ghost.

Vanquished Creatures
  A phantom (D:5)
  2 bullfrogs (D:7)
  A centaur zombie (Ossuary)
  A hound (D:8)
  2 orc wizards (D:8)
  A centaur skeleton (D:8)
  A human zombie (Ossuary)
  3 worker ants (D:8)
  A big kobold zombie (Ossuary)
  A hound zombie (D:8)
  6 mummies (Ossuary)
  3 gnolls (D:8)
  2 adders
  A shadow imp (D:6)
  2 worms
  2 leopard geckos
  An orc (D:8)
  2 giant cockroaches
  A kobold (D:2)
  3 quokkas
  A ball python (D:6)
  A frilled lizard (D:4)
  2 gnoll zombies (Ossuary)
  A goblin zombie (Ossuary)
  A hobgoblin zombie (Ossuary)
  A kobold zombie (Ossuary)
  2 rat zombies (D:6)
46 creatures vanquished.

Notes
Turn   | Place    | Note
-------+----------+-------------------------------------------
     0 | D:1      | Amnesiac the Formicid Earth Elementalist began the quest for the Orb.
     0 | D:1      | Reached XP level 1. HP: 13/13 MP: 3/3
   220 | D:2      | Reached XP level 2. HP: 18/19 MP: 3/5
   252 | D:2      | You fall through a shaft for 2 floors!
   255 | D:4      | Reached skill level 4 in Earth Magic
   267 | D:4      | Noticed Grinder
   283 | D:4      | You fall through a shaft for 3 floors!
   503 | D:7      | Noticed Joseph
   558 | D:7      | You fall through a shaft for 2 floors!
   657 | D:9      | Found a shadowy altar of Dithmenos.
   664 | D:9      | Became a worshipper of Dithmenos the Shadowed
   667 | D:9      | Reached XP level 3. HP: 21/24 MP: 2/6
   671 | D:9      | Learned a level 2 spell: Passwall
   959 | D:8      | Learned a level 2 spell: Sticks to Snakes
  1041 | D:8      | Reached XP level 4. HP: 30/30 MP: 4/8
  1144 | D:8      | You fall through a shaft!
  1200 | D:8      | Reached skill level 5 in Earth Magic
  1324 | D:8      | Reached XP level 5. HP: 24/35 MP: 3/9
  1507 | D:7      | Noticed an orc warrior
  1513 | D:8      | Reached skill level 6 in Earth Magic
  1513 | D:8      | Reached XP level 6. HP: 24/41 MP: 5/11
  1812 | D:7      | Noticed an orc warrior
  1963 | D:7      | Learned a level 4 spell: Petrify
  2040 | D:7      | Reached XP level 7. HP: 46/46 MP: 9/12
  2161 | D:6      | You fall through a shaft for 2 floors!
  2174 | D:8      | Reached skill level 5 in Stealth
  2262 | D:6      | Learned a level 5 spell: Lee's Rapid Deconstruction
  2298 | D:6      | Found a shattered altar of Ashenzari.
  2354 | D:6      | Found a sand-covered staircase.
  2372 | Ossuary  | Entered an ossuary
  2568 | Ossuary  | Reached * piety under Dithmenos
  2568 | Ossuary  | Reached skill level 1 in Short Blades
  2568 | Ossuary  | Reached skill level 7 in Earth Magic
  3150 | D:5      | Entered Level 5 of the Dungeon
  3178 | D:5      | Found a staircase to the Ecumenical Temple.
  3231 | D:5      | Noticed Amnesiac's ghost (novice FoEE)
  3253 | D:5      | HP: 2/46 [Amnesiac's ghost/blast of rock fragments (20)]
  3258 | D:5      | Killed from afar by Amnesiac's ghost

Vault maps used:
D:1:      onia_arrival_mini_spirals
D:2:      uniq_crazy_yiuf_cottage
D:4:      kennysheep_ying_yang, lemuel_round_altar, first_ration, uniq_robin,
          uniq_grinder
D:5:      temple_pool_b
D:6:      lemuel_crystal_altar, kennysheep_vampire_church,
          overflow_temple_1_default, enter_ossuary_4,
          minmay_misc_feat_nine_boxes
D:7:      basic_altar, grunt_livestock, uniq_joseph
D:8:      chequers_temple_overflow_minitemple, minmay_misc_feat_cross
D:9:      nicolae_dithmenos_shadow_blocks
Ossuary:  ossuary_crypta

Skill      XL: |  1  2  3  4  5  6  7 |
---------------+----------------------+-----
Earth Magic    | 4 5 6 7 |  7.5
Stealth        | 3 4 5 |  5.0
Spellcasting   | 3 4 |  4.4
Short Blades   | 2 |  2.3
Dodging        | |  1.7
Transmutations | |  1.1

Action                   |  1- 3 |  4- 6 |  7- 9 || total
-------------------------+-------+-------+-------++-------
Melee: Unarmed           |       |    17 |     1 ||    18
       Dagger            |       |       |   125 ||   125
 Fire: Hunting sling     |    10 |       |       ||    10
Throw: Throwing net      |       |       |     2 ||     2
 Cast: Sandblast         |    24 |    44 |    12 ||    80
       Passwall          |     1 |       |       ||     1
       Petrify           |       |       |    15 ||    15
       Lee's Rapid Decon |       |       |     3 ||     3
 Abil: Shaft Self        |     3 |       |     1 ||     4
       Dig               |     3 |       |     1 ||     4
Evoke: Wand              |       |       |     2 ||     2
  Use: Scroll            |     2 |     1 |     4 ||     7
       Potion            |     1 |       |     6 ||     7
 Stab: Petrified         |       |       |    25 ||    25
       Sleeping          |       |       |     5 ||     5
       Petrifying        |       |       |     2 ||     2
  Eat: Chunk             |     2 |     4 |     2 ||     8
       Ration            |       |       |     2 ||     2
Armor: Robe              |     1 |     9 |    14 ||    24
       Skin              |       |       |     5 ||     5
Dodge: Dodged            |     5 |    28 |    74 ||   107

Table legend:
 A = Spawn XP
 B = Non-spawn XP
 C = Spawn XP percentage of total XP
 D = Spawn monster count
 E = Non-spawn monster count
 F = Spawn count percentage of total count
 G = Total turns spent on level
                    A         B        C        D         E        F      G
               +---------+---------+-------+---------+---------+-------+---------
         Total |       0 |     946 |   0.0 |       0 |      46 |   0.0 |  3258
               +---------+---------+-------+---------+---------+-------+---------
           D:2 |       0 |      10 |   0.0 |       0 |       3 |   0.0 |   204
           D:4 |       0 |       3 |   0.0 |       0 |       2 |   0.0 |    31
           D:5 |       0 |     121 |   0.0 |       0 |       1 |   0.0 |   108
           D:6 |       0 |      23 |   0.0 |       0 |       7 |   0.0 |   266
           D:7 |       0 |     210 |   0.0 |       0 |       6 |   0.0 |   460
           D:8 |       0 |     341 |   0.0 |       0 |      12 |   0.0 |  1021
           D:9 |       0 |      13 |   0.0 |       0 |       1 |   0.0 |   416
       Ossuary |       0 |     225 |   0.0 |       0 |      14 |   0.0 |   704
               +---------+---------+-------+---------+---------+-------+---------
